TOP OF THE 1ST |
University of Maine Black Bears batting - Pitching for Arizona State University Sun Devils : RHP Wallace Werner
|
Pitching: RHP Wallace Werner
|
|
Batting: RHB Justin Degon
|
0-0: Ground out 6-3 (Groundball, 6, EV 90.6 MPH)
|
Batting: RHB Kevin Baker
|
0-0: Called Strike 0-1: Ball 1-1: Called Strike 1-2: Strikes out swinging
|
Batting: RHB Wang-fen Yang
|
0-0: Called Strike 0-1: Ball 1-1: Foul Ball, location: 2F 1-2: Foul Ball, location: 2F 1-2: Ground out 5-3 (Groundball, 5S, EV 62.5 MPH)
|
Top of the 1st over - 0 runs, 0 hits, 0 errors, 0 left on base; University of Maine 0 - Arizona State University 0 |
BOTTOM OF THE 1ST |
Arizona State University Sun Devils batting - Pitching for University of Maine Black Bears : RHP Cyril Fede
|
Pitching: RHP Cyril Fede
|
|
Batting: LHB Eric Russell
|
0-0: Ball 1-0: Ball 2-0: Called Strike 2-1: Ball 3-1: Foul Ball, location: 2F 3-2: Foul Ball, location: 2F 3-2: DOUBLE (Groundball, 5L, EV 108.1 MPH)
|
Batting: LHB Timon Giorgiou
|
0-0: Ball Eric Russell steals 3rd base 1-0: Fly out, F9 (Flyball, 89M, EV 91.2 MPH) Runner from 3rd tags up, SCORES, no throw by RF
|
Batting: LHB Fabio Interlenghi
|
0-0: Called Strike 0-1: Called Strike 0-2: Foul Ball, location: 2F 0-2: Foul Ball, location: 2F 0-2: Ball 1-2: SINGLE (Line Drive, 7S, EV 110.0 MPH)
|
Batting: LHB Justin Vitali
|
0-0: Called Strike 0-1: Ball 1-1: Ball 2-1: Ball 3-1: Called Strike 3-2: Strikes out swinging
|
Batting: LHB Dustin Gill
|
0-0: Ball 1-0: Ball 2-0: Ball Fabio Interlenghi steals 2nd base 3-0: Called Strike 3-1: Foul Ball, location: 2F 3-2: Base on Balls
|
Batting: RHB Hervé Papin
|
0-0: Ball 1-0: Ball 2-0: Foul Ball, location: 2F 2-1: Ball 3-1: Base on Balls Fabio Interlenghi to third Dustin Gill to second
|
Batting: RHB Feng-xiang Kwan
|
0-0: Swinging Strike 0-1: Ball 1-1: Ball 2-1: Fly out, F7 (Flyball, 78S, EV 72.5 MPH)
|
Bottom of the 1st over - 1 run, 2 hits, 0 errors, 3 left on base; University of Maine 0 - Arizona State University 1 |
TOP OF THE 2ND |
University of Maine Black Bears batting - Pitching for Arizona State University Sun Devils : RHP Wallace Werner
|
Batting: SHB Mario Barajas
|
0-0: SINGLE (Line Drive, 78M, EV 101.2 MPH)
|
Batting: RHB Alex Day
|
0-0: Ball 1-0: Grounds into double play, 5-4-3 (Groundball, 56, EV 106.2 MPH)
|
Batting: LHB John Bergeron
|
0-0: Called Strike 0-1: Ball 1-1: Ball 2-1: Fly out, F2 (Popup, 15S, EV 93.1 MPH)
|
Top of the 2nd over - 0 runs, 1 hit, 0 errors, 0 left on base; University of Maine 0 - Arizona State University 1 |
BOTTOM OF THE 2ND |
Arizona State University Sun Devils batting - Pitching for University of Maine Black Bears : RHP Cyril Fede
|
Batting: LHB Burraga Iukini
|
0-0: Called Strike 0-1: Ball 1-1: Foul Ball, location: 2F 1-2: Ball 2-2: Ball 3-2: Strikes out looking
|
Batting: RHB Carl Evans
|
0-0: Fly out, F9 (Flyball, 9LM, EV 84.4 MPH)
|
Batting: LHB Eric Russell
|
0-0: SINGLE (Groundball, 6, EV 94.4 MPH)
|
Batting: LHB Timon Giorgiou
|
0-0: Called Strike Eric Russell steals 2nd base 0-1: Ball 1-1: Ball 2-1: Ball 3-1: Foul Ball, location: 2F 3-2: Base on Balls
|
Batting: LHB Fabio Interlenghi
|
0-0: Ball 1-0: Called Strike 1-1: Foul Ball, location: 2F 1-2: Fielders Choice at 2nd, 6-4 (Groundball, 56, EV 76.2 MPH)
|
Bottom of the 2nd over - 0 runs, 1 hit, 0 errors, 2 left on base; University of Maine 0 - Arizona State University 1 |
TOP OF THE 3RD |
University of Maine Black Bears batting - Pitching for Arizona State University Sun Devils : RHP Wallace Werner
|
Batting: LHB Osmo Leino
|
0-0: Called Strike 0-1: Swinging Strike 0-2: Ball 1-2: Ball 2-2: Ball 3-2: Foul Ball, location: 2F 3-2: Foul Ball, location: 2F 3-2: Strikes out swinging
|
Batting: LHB Lance Widdison
|
0-0: Ball 1-0: Fly out, F7 (Line Drive, 7LM, EV 95.0 MPH)
|
Batting: RHB Julio Villanueva
|
0-0: Foul Ball, location: 2F 0-1: Foul Ball, location: 2F 0-2: Foul Ball, location: 2F 0-2: Ball 1-2: Strikes out swinging
|
Top of the 3rd over - 0 runs, 0 hits, 0 errors, 0 left on base; University of Maine 0 - Arizona State University 1 |
BOTTOM OF THE 3RD |
Arizona State University Sun Devils batting - Pitching for University of Maine Black Bears : RHP Cyril Fede
|
Batting: LHB Justin Vitali
|
0-0: Called Strike 0-1: Swinging Strike 0-2: Ball 1-2: Strikes out looking
|
Batting: LHB Dustin Gill
|
0-0: Foul Ball, location: 2F 0-1: Ball 1-1: Called Strike 1-2: Foul Ball, location: 2F 1-2: Strikes out swinging
|
Batting: RHB Hervé Papin
|
0-0: Called Strike 0-1: Called Strike 0-2: Ball 1-2: Ball 2-2: Foul Ball, location: 2F 2-2: Ground out 5-3 (Groundball, 56S, EV 89.4 MPH)
|
Bottom of the 3rd over - 0 runs, 0 hits, 0 errors, 0 left on base; University of Maine 0 - Arizona State University 1 |
TOP OF THE 4TH |
University of Maine Black Bears batting - Pitching for Arizona State University Sun Devils : RHP Wallace Werner
|
Batting: RHB Justin Degon
|
0-0: Ground out U3 (Groundball, 3, EV 90.0 MPH)
|
Batting: RHB Kevin Baker
|
0-0: Called Strike 0-1: Called Strike 0-2: Strikes out swinging
|
Batting: RHB Wang-fen Yang
|
0-0: Ball 1-0: Ball 2-0: Ball 3-0: Base on Balls
|
Batting: SHB Mario Barajas
|
0-0: Called Strike 0-1: Called Strike 0-2: Strikes out swinging
|
Top of the 4th over - 0 runs, 0 hits, 0 errors, 1 left on base; University of Maine 0 - Arizona State University 1 |
BOTTOM OF THE 4TH |
Arizona State University Sun Devils batting - Pitching for University of Maine Black Bears : RHP Cyril Fede
|
Pitching: RHP Shizue Morimoto
|
|
Batting: RHB Feng-xiang Kwan
|
0-0: Called Strike 0-1: Ball 1-1: Called Strike 1-2: Ball 2-2: Ball 3-2: Strikes out swinging
|
Batting: LHB Burraga Iukini
|
0-0: Ball 1-0: Ball 2-0: Called Strike 2-1: Ball 3-1: Foul Ball, location: 2F 3-2: Fly out, F6 (Popup, 56, EV 65.6 MPH)
|
Batting: RHB Carl Evans
|
0-0: Called Strike 0-1: DOUBLE (Popup, 5D, EV 53.1 MPH)
|
Batting: LHB Eric Russell
|
0-0: Ball 1-0: Ball 2-0: Ball 3-0: Called Strike 3-1: Fly out, F9 (Flyball, 89S, EV 95.6 MPH)
|
Bottom of the 4th over - 0 runs, 1 hit, 0 errors, 1 left on base; University of Maine 0 - Arizona State University 1 |
TOP OF THE 5TH |
University of Maine Black Bears batting - Pitching for Arizona State University Sun Devils : RHP Wallace Werner
|
Now at C: Israel Tobias
|
|
Now at 2B: Kawenaula Kapali
|
|
Now at 3B: Ricky Hernandez
|
|
Now at SS: Fabio Interlenghi
|
|
Now in LF: Jun-hyuk Leem
|
|
Batting: RHB Alex Day
|
0-0: Ground out 6-3 (Groundball, 6S, EV 79.4 MPH)
|
Batting: LHB John Bergeron
|
0-0: Ball 1-0: Ball 2-0: Foul Ball, location: 2F 2-1: Swinging Strike 2-2: Fly out, F9 (Flyball, 9, EV 82.5 MPH)
|
Batting: LHB Osmo Leino
|
0-0: Called Strike 0-1: SINGLE (Groundball, 34D, EV 96.2 MPH)
|
Batting: LHB Lance Widdison
|
0-0: Called Strike 0-1: SINGLE (Groundball, 4M, EV 95.0 MPH) Osmo Leino to second
|
Batting: RHB Julio Villanueva
|
0-0: Called Strike 0-1: Ball 1-1: Ground out U3 (Groundball, 3S, EV 82.5 MPH)
|
Top of the 5th over - 0 runs, 2 hits, 0 errors, 2 left on base; University of Maine 0 - Arizona State University 1 |
BOTTOM OF THE 5TH |
Arizona State University Sun Devils batting - Pitching for University of Maine Black Bears : RHP Shizue Morimoto
|
Now at 1B: Ed Leighton
|
|
Now at 2B: Steve Thomas
|
|
Now in LF: John Knox
|
|
Now in RF: John Bergeron
|
|
Batting: LHB Timon Giorgiou
|
0-0: Ball 1-0: Ball 2-0: Foul Ball, location: 2F 2-1: Ball 3-1: Swinging Strike 3-2: Ground out 6-3 (Groundball, 6, EV 84.4 MPH)
|
Batting: LHB Fabio Interlenghi
|
0-0: Called Strike 0-1: Foul Ball, location: 2F 0-2: Ball 1-2: Strikes out swinging
|
Batting: RHB Jun-hyuk Leem
|
0-0: Ground out 2-3 (Groundball, 2L, EV 73.8 MPH)
|
Bottom of the 5th over - 0 runs, 0 hits, 0 errors, 0 left on base; University of Maine 0 - Arizona State University 1 |
TOP OF THE 6TH |
University of Maine Black Bears batting - Pitching for Arizona State University Sun Devils : RHP Wallace Werner
|
Pitching: RHP Roberto Silva
|
|
Now at SS: Hektor Hansen
|
|
Batting: LHB Ed Leighton
|
0-0: Ball 1-0: Called Strike 1-1: Swinging Strike 1-2: Strikes out swinging
|
Pinch Hitting: RHB Wang Huan
|
0-0: Ground out 1-3 (Groundball, P, EV 65.6 MPH)
|
Batting: RHB Wang-fen Yang
|
0-0: Foul Ball, location: 2F 0-1: Ball 1-1: Called Strike 1-2: Ball 2-2: Foul Ball, location: 2F 2-2: Fly out, F9 (Flyball, 9S, EV 90.0 MPH)
|
Top of the 6th over - 0 runs, 0 hits, 0 errors, 0 left on base; University of Maine 0 - Arizona State University 1 |
BOTTOM OF THE 6TH |
Arizona State University Sun Devils batting - Pitching for University of Maine Black Bears : RHP Shizue Morimoto
|
Pitching: RHP Ivano Benincasa
|
|
Now at 3B: Rewa Havika
|
|
Now in CF: Wang Huan
|
|
Batting: LHB Ricky Hernandez
|
0-0: Called Strike 0-1: Swinging Strike 0-2: Strikes out swinging
|
Batting: RHB Rusty Gee
|
0-0: Ball 1-0: Ball 2-0: Ball 3-0: Called Strike 3-1: Base on Balls
|
Pinch Hitting: RHB Bill Callbeck
|
0-0: Ball Rusty Gee steals 2nd base 1-0: Swinging Strike 1-1: Called Strike 1-2: Foul Ball, location: 2F 1-2: Strikes out swinging
|
Pinch Hitting: RHB David Krebs
|
0-0: 2-RUN HOME RUN (Flyball, 9LD, EV 95.6 MPH), Distance : 348 ft
|
Batting: RHB Kawenaula Kapali
|
0-0: Called Strike 0-1: Foul Ball, location: 2F 0-2: Strikes out swinging
|
Bottom of the 6th over - 2 runs, 1 hit, 0 errors, 0 left on base; University of Maine 0 - Arizona State University 3 |
TOP OF THE 7TH |
University of Maine Black Bears batting - Pitching for Arizona State University Sun Devils : RHP Roberto Silva
|
Pitching: RHP Andrew Frugoli
|
|
Now at 1B: David Krebs
|
|
Now in RF: Randy Marquez
|
|
Batting: RHB Rewa Havika
|
0-0: Ground out 5-3 (Groundball, 56S, EV 82.5 MPH)
|
Batting: LHB Seung Pack
|
0-0: SINGLE (Line Drive, 8RS, EV 95.0 MPH)
|
Batting: LHB John Bergeron
|
0-0: Called Strike Seung Pack is caught stealing 2nd base 2-6 0-1: Ball 1-1: Foul Ball, location: 2F 1-2: Strikes out looking
|
Top of the 7th over - 0 runs, 1 hit, 0 errors, 0 left on base; University of Maine 0 - Arizona State University 3 |
BOTTOM OF THE 7TH |
Arizona State University Sun Devils batting - Pitching for University of Maine Black Bears : RHP Ivano Benincasa
|
Pitching: LHP Preston Harbold
|
|
Batting: RHB Israel Tobias
|
0-0: Foul Ball, location: 2F 0-1: Swinging Strike 0-2: Strikes out swinging
|
Batting: LHB Timon Giorgiou
|
0-0: Called Strike 0-1: Foul Ball, location: 2F 0-2: Fly out, F4 (Line Drive, 4, EV 57.5 MPH)
|
Batting: RHB Hektor Hansen
|
0-0: Called Strike 0-1: Swinging Strike 0-2: Foul Ball, location: 2F 0-2: Ball 1-2: Ball 2-2: Strikes out swinging
|
Bottom of the 7th over - 0 runs, 0 hits, 0 errors, 0 left on base; University of Maine 0 - Arizona State University 3 |
TOP OF THE 8TH |
University of Maine Black Bears batting - Pitching for Arizona State University Sun Devils : RHP Andrew Frugoli
|
Batting: LHB John Knox
|
0-0: Foul Ball, location: 2F 0-1: Swinging Strike 0-2: Strikes out swinging
|
Batting: LHB Steve Thomas
|
0-0: Ball 1-0: Fly out, F8 (Line Drive, 89M, EV 93.1 MPH)
|
Batting: RHB Julio Villanueva
|
0-0: Ball 1-0: Called Strike 1-1: Foul Ball, location: 2F 1-2: Ball 2-2: Strikes out swinging
|
Top of the 8th over - 0 runs, 0 hits, 0 errors, 0 left on base; University of Maine 0 - Arizona State University 3 |
BOTTOM OF THE 8TH |
Arizona State University Sun Devils batting - Pitching for University of Maine Black Bears : LHP Preston Harbold
|
Batting: RHB Jun-hyuk Leem
|
0-0: Called Strike 0-1: Ball 1-1: Ball 2-1: Ball 3-1: SINGLE (Line Drive, 9LS, EV 93.1 MPH)
|
Batting: LHB Ricky Hernandez
|
0-0: Foul Ball, location: 2F 0-1: Ball 1-1: Called Strike 1-2: 2-RUN HOME RUN (Flyball, 9D, EV 97.5 MPH), Distance : 368 ft
|
Batting: RHB Rusty Gee
|
0-0: Foul Ball, location: 2F 0-1: Called Strike 0-2: Strikes out swinging
|
Batting: LHB Randy Marquez
|
0-0: Ball 1-0: Ball 2-0: Called Strike 2-1: Ball 3-1: Called Strike 3-2: Fly out, F8 (Flyball, 8LM, EV 82.5 MPH)
|
Batting: RHB David Krebs
|
0-0: Ground out U3 (Groundball, 34, EV 81.9 MPH)
|
Bottom of the 8th over - 2 runs, 2 hits, 0 errors, 0 left on base; University of Maine 0 - Arizona State University 5 |
TOP OF THE 9TH |
University of Maine Black Bears batting - Pitching for Arizona State University Sun Devils : RHP Andrew Frugoli
|
Pitching: RHP Zhang Hsieh
|
|
Batting: LHB Ed Leighton
|
0-0: Called Strike 0-1: Swinging Strike 0-2: Strikes out looking
|
Batting: RHB Wang Huan
|
0-0: Called Strike 0-1: Ground out 6-3 (Groundball, 6, EV 82.5 MPH)
|
Batting: RHB Wang-fen Yang
|
0-0: Swinging Strike 0-1: Foul Ball, location: 2F 0-2: Ball 1-2: Fly out, F9 (Flyball, 9, EV 90.0 MPH)
|
Top of the 9th over - 0 runs, 0 hits, 0 errors, 0 left on base; University of Maine 0 - Arizona State University 5 |
|